[Event "Titled Tuesday Blitz May 31 Late 2022"]
[White "Kruckenhauser, Arthur"]
[Black "Ladan, Nicholas"]
[WhiteFideId "1642812"]
[BlackFideId "30918855"]
[WhiteElo "2243"]
[BlackElo "2167"]
[Result "1/2-1/2"]
[Round "03"]
[TimeControl "180+1"]
[Date "2022.06.01"]
[WhiteClock "0:00:05"]
[BlackClock "0:00:04"]

1. Nf3 d5 2. g3 Nd7 3. Bg2 e5 4. O-O Bd6 5. d3 Ngf6 6. Nbd2 O-O 7. e4 c6 8. Re1 Re8 9. c3 a5 10. Qc2 a4 11. Nh4 Nc5 12. Nf1 Bf8 13. Be3 dxe4 14. dxe4 Qd3 15. Rac1 Qxc2 16. Rxc2 Be6 17. a3 Bb3 18. Rd2 Ncxe4 19. Bxe4 Nxe4 20. Rd7 Nc5 21. Bxc5 Bxc5 22. Rxb7 f6 23. Nf5 Bf8 24. Nd2 Be6 25. Ne3 Reb8 26. Rxb8 Rxb8 27. Nec4 Rd8 28. f4 Bc5+ 29. Kg2 Bd5+ 30. Kh3 exf4 31. gxf4 Kf7 32. Kg3 h5 33. h4 Rh8 34. Ne4 Bxe4 35. Rxe4 Rd8 36. Re2 Rd1 37. Na5 Rg1+ 38. Rg2 Rxg2+ 39. Kxg2 Be3 40. f5 Bc1 41. Nc4 g6 42. fxg6+ Kxg6 43. Kf3 Kf5 44. Nd6+ Ke5 45. Nc4+ Kd5 46. Nb6+ Kc5 47. Nxa4+ Kb5 48. b3 Bxa3 49. Ke4 c5 50. c4+ Kb4 51. Kf5 Kxb3 52. Nb6 Bb2 53. Kg6 Be5 54. Kxh5 Bc7 55. Nd5 Bd8 56. Ne3 f5 57. Nxf5 Bxh4 58. Kg4 Kxc4 59. Nxh4 Kd3 60. Nf3 c4 61. Ne5+ Kd4 62. Nxc4 1/2-1/2


[Site "https://www.chess.com"]

[Event "Titled Tuesday Blitz May 31 Late 2022"]
[White "Lashkin, Jegor"]
[Black "Grischuk, Alexander"]
[WhiteFideId "13907808"]
[BlackFideId "4126025"]
[WhiteElo "2368"]
[BlackElo "2762"]
[Result "0-1"]
[Round "03"]
[TimeControl "180+1"]
[Date "2022.05.31"]
[WhiteClock "0:00:06"]
[BlackClock "0:00:06"]

1. d4 Nf6 2. c4 e6 3. Nf3 d5 4. Nc3 c6 5. e3 Nbd7 6. Qc2 Bd6 7. Bd3 O-O 8. O-O dxc4 9. Bxc4 Qe7 10. h3 e5 11. Bb3 Bb8 12. Bd2 h6 13. Nh4 Rd8 14. Rae1 Nf8 15. Nf5 Qc7 16. f4 Bxf5 17. Qxf5 exd4 18. exd4 Rxd4 19. Be3 Qd7 20. Qc5 Rd6 21. f5 Bc7 22. Qb4 Rd3 23. Na4 Qd6 24. Qxd6 Rxd6 25. Bf4 Rd7 26. Nc5 Bb6 27. Be3 Re7 28. Bf2 Rae8 29. Rxe7 Rxe7 30. Rd1 N8h7 31. g4 Ng5 32. Kg2 Re2 33. Nd3 Nge4 34. Kf3 Rxf2+ 35. Nxf2 Nxf2 36. Rd2 Nxh3 37. Rc2 Kf8 38. a4 Ng5+ 39. Kf4 Ke7 40. a5 Bxa5 41. Re2+ Kd8 42. Rg2 Bc7+ 43. Ke3 Be5 44. Bd1 Kc7 45. b4 b5 46. Rc2 Kb6 47. Be2 Bd6 48. Rb2 Bxb4 49. Rc2 Bc5+ 50. Kd3 a5 51. Rc1 a4 52. Ra1 Nd5 53. Bf1 a3 54. Kc2 Ne3+ 55. Kb3 Nxg4 56. Bg2 Ne3 57. Bh1 Nxf5 58. Rf1 Nd4+ 59. Ka2 b4 60. Rd1 b3+ 61. Kb1 Nc2 62. Rd3 a2+ 63. Kb2 a1=Q+ 64. Kxb3 Qb1+ 65. Kc3 Bb4+ 66. Kc4 Na3+ 67. Rxa3 Bxa3 0-1


[Site "https://www.chess.com"]

[Event "Titled Tuesday Blitz May 31 Late 2022"]
[White "Leiva, Gianmarco"]
[Black "Mortazavi, Ali"]
[WhiteFideId "3804399"]
[BlackFideId "401323"]
[WhiteElo "2323"]
[BlackElo "2339"]
[Result "0-1"]
[Round "03"]
[TimeControl "180+1"]
[Date "2022.06.01"]
[WhiteClock "0:00:39"]
[BlackClock "0:00:33"]

1. Nf3 Nf6 2. g3 g6 3. Bg2 Bg7 4. O-O O-O 5. d4 d6 6. c4 Nbd7 7. Nc3 e5 8. e4 c6 9. Re1 Qa5 10. h3 exd4 11. Nxd4 Ne5 12. Bf1 Qb6 13. Nc2 Nh5 14. Be3 Qxb2 15. Na4 Nf3+ 16. Kh1 Qf6 17. e5 dxe5 18. Re2 Be6 19. Nc5 Rad8 20. Qc1 Bxc4 21. Bg5 Nxg5 22. Re3 Qxf2 23. Bxc4 Rd2 24. Qg1 Qxg1+ 25. Rxg1 Rxc2 26. Ne4 Rxc4 27. Nxg5 Bh6 28. h4 f6 29. Re4 Rxe4 30. Nxe4 f5 31. Nd6 Rd8 32. Nxb7 Rd2 33. Na5 Be3 34. Rg2 Rd1+ 35. Kh2 c5 36. Nc6 Bd4 37. Nxa7 Nf6 38. a4 Ng4+ 0-1


[Site "https://www.chess.com"]

[Event "Titled Tuesday Blitz May 31 Late 2022"]
[White "Livaic, Leon"]
[Black "Bortnyk, Olexandr"]
[WhiteFideId "14531534"]
[BlackFideId "14120828"]
[WhiteElo "2540"]
[BlackElo "2723"]
[Result "0-1"]
[Round "03"]
[TimeControl "180+1"]
[Date "2022.05.31"]
[WhiteClock "0:00:03"]
[BlackClock "0:00:11"]

1. d4 d6 2. e4 Nf6 3. f3 e5 4. dxe5 dxe5 5. Qxd8+ Kxd8 6. Bc4 Ke8 7. Be3 Nbd7 8. a4 Bc5 9. Ke2 c6 10. a5 Ke7 11. Nd2 Bxe3 12. Kxe3 Nc5 13. b4 Ne6 14. Ne2 Rd8 15. Rhd1 Rb8 16. c3 b5 17. axb6 axb6 18. Nc1 b5 19. Bb3 c5 20. Bxe6 Bxe6 21. bxc5 Bc4 22. Ra7+ Kf8 23. Re1 Rbc8 24. Nxc4 bxc4 25. Re2 Rxc5 26. Rb2 Rd7 27. Ra8+ Ke7 28. Rb6 h5 29. Na2 Rd3+ 30. Ke2 Rc7 31. Nb4 Rd6 32. Rb5 Ke6 33. Na6 Rcc6 34. Nc5+ Ke7 35. Rb7+ Nd7 36. Na4 Ke6 37. Raa7 h4 38. g3 h3 39. f4 exf4 40. gxf4 g6 41. f5+ gxf5 42. exf5+ Kxf5 43. Rxd7 Rxd7 44. Rxd7 Ra6 45. Nc5 Ra2+ 46. Rd2 Ra3 47. Rc2 Kf4 48. Nd7 Ra1 49. Nb6 Rh1 50. Nd5+ Ke4 51. Nf6+ Kf5 52. Nh5 Rxh2+ 53. Kd1 Rxc2 54. Kxc2 Kg4 55. Nf6+ Kf3 0-1


[Site "https://www.chess.com"]

[Event "Titled Tuesday Blitz May 31 Late 2022"]
[White "Lobanov, Sergei"]
[Black "Fedoseev, Vladimir"]
[WhiteFideId "24183750"]
[BlackFideId "24130737"]
[WhiteElo "2524"]
[BlackElo "2726"]
[Result "1-0"]
[Round "03"]
[TimeControl "180+1"]
[Date "2022.05.31"]
[WhiteClock "0:00:03"]
[BlackClock "0:00:10"]

1. e4 c5 2. Nf3 d6 3. d4 cxd4 4. Nxd4 Nf6 5. Nc3 a6 6. f3 e6 7. g4 b5 8. Be3 Bb7 9. g5 Nfd7 10. Qd2 Nb6 11. a3 N8d7 12. O-O-O Rc8 13. Nb3 d5 14. exd5 Nxd5 15. Nxd5 Bxd5 16. Nd4 g6 17. Bg2 Nb6 18. Nxe6 fxe6 19. Qd4 Nc4 20. Qxh8 Nxe3 21. Rd2 Qc7 22. Kb1 Qg7 23. Qxg7 Bxg7 24. Bh3 Nc4 25. Rxd5 Rc6 26. Re1 Ke7 27. c3 Nxb2 28. Rxe6+ Rxe6 29. Kxb2 Re2+ 30. Kb3 Be5 31. Rd7+ Kf8 32. Be6 Rxh2 33. f4 Bh8 34. Rd8+ Ke7 35. Rxh8 Kxe6 36. Ra8 Kf5 37. Rxa6 Kxf4 38. Rb6 Kxg5 39. Rxb5+ Kf4 40. a4 g5 41. a5 g4 42. a6 g3 43. a7 g2 44. a8=Q g1=Q 45. Qf8+ Ke4 46. Qe7+ Kf3 47. Rf5+ Kg4 48. Qg5+ 1-0


[Site "https://www.chess.com"]

[Event "Titled Tuesday Blitz May 31 Late 2022"]
[White "Maghsoodloo, Parham"]
[Black "Chyngyz, Sultai"]
[WhiteFideId "12539929"]
[BlackFideId "13803158"]
[WhiteElo "2630"]
[BlackElo "1365"]
[Result "1-0"]
[Round "03"]
[TimeControl "180+1"]
[Date "2022.05.31"]
[WhiteClock "0:01:53"]
[BlackClock "0:01:32"]

1. e4 c5 2. Nf3 d6 3. d4 cxd4 4. Nxd4 Nf6 5. Nc3 a6 6. Bg5 e6 7. f4 Be7 8. Qf3 O-O 9. O-O-O Qc7 10. g4 b5 11. a3 Bb7 12. Bxf6 Bxf6 13. g5 Bxd4 14. Rxd4 Nc6 15. Rd2 b4 16. axb4 Nxb4 17. Kb1 Rfc8 18. f5 exf5 19. Qxf5 Bc6 20. Bc4 Rab8 21. Rf1 Be8 22. Bb3 a5 23. g6 hxg6 24. Qxg6 a4 25. Rg2 Kf8 26. Bxf7 Bxf7 27. Qxg7+ Ke8 28. Qh8+ Ke7 29. Rxf7+ Kxf7 30. Qh7+ Ke6 31. Qf5+ Ke7 32. Rg7+ Ke8 33. Qe6+ Qe7 34. Rg8# 1-0


[Site "https://www.chess.com"]

[Event "Titled Tuesday Blitz May 31 Late 2022"]
[White "Mahdavi, Reza"]
[Black "Keller, Peter"]
[WhiteFideId "12595926"]
[BlackFideId "1272105"]
[WhiteElo "2253"]
[BlackElo "2275"]
[Result "0-1"]
[Round "03"]
[TimeControl "180+1"]
[Date "2022.05.31"]
[WhiteClock "0:00:04"]
[BlackClock "0:00:10"]

1. e4 e5 2. Nf3 Nc6 3. Nc3 Nf6 4. g3 Bc5 5. Bg2 d6 6. O-O O-O 7. d3 a5 8. h3 h6 9. Kh2 Nd4 10. Nxd4 Bxd4 11. Ne2 Bc5 12. f4 c6 13. f5 d5 14. Qe1 a4 15. a3 b5 16. g4 Nh7 17. Qg3 f6 18. Nc3 d4 19. Ne2 Be7 20. h4 c5 21. Ng1 Ra7 22. Nh3 c4 23. Bf3 Rc7 24. Rf2 cxd3 25. cxd3 Ba6 26. Bd2 Kh8 27. Rg1 Rc2 28. Bc1 Qc7 29. Rxc2 Qxc2+ 30. Nf2 Rc8 31. Kh1 b4 32. axb4 Bxd3 33. Nxd3 Qxd3 34. Qf2 Rc2 35. Qf1 Qxf1 36. Rxf1 Bxb4 37. Rd1 Nf8 38. Bg2 Nd7 39. Bf1 Nc5 40. g5 hxg5 41. hxg5 Nxe4 42. Kg1 Nxg5 43. Bxg5 fxg5 44. Bd3 Rd2 45. Rxd2 Bxd2 46. Bb5 Bc1 47. Bxa4 Bxb2 48. Bc2 Kg8 49. Kg2 Kf7 50. Kf3 Ke7 51. Ke4 Kd6 52. Bd3 g4 53. Be2 g3 54. Kf3 Kd5 55. Bd3 Bc1 56. Be4+ Kc4 57. Kxg3 d3 58. Kf3 Kc3 59. Kf2 Kd2 60. Kf3 Bb2 61. Kf2 Bd4+ 62. Kf3 Bc5 63. Bd5 Ke1 64. Ke4 d2 65. Bb3 Bd4 66. Kd5 d1=Q 67. Bxd1 Kxd1 68. Ke6 e4 69. Kd5 e3 70. Kxd4 e2 71. f6 gxf6 0-1


[Site "https://www.chess.com"]

[Event "Titled Tuesday Blitz May 31 Late 2022"]
[White "Manukian, Artak"]
[Black "Ardila, Oscar Humberto"]
[WhiteFideId "13301373"]
[BlackFideId "4404742"]
[WhiteElo "2564"]
[BlackElo "1928"]
[Result "1-0"]
[Round "03"]
[TimeControl "180+1"]
[Date "2022.06.01"]
[WhiteClock "0:00:14"]
[BlackClock "0:00:15"]

1. e4 e5 2. Nf3 Nf6 3. Nxe5 d6 4. Nf3 Nxe4 5. Nc3 Nxc3 6. dxc3 Be7 7. Be3 O-O 8. Bd3 Nd7 9. Qd2 Nf6 10. O-O-O c6 11. h3 Qa5 12. Kb1 Be6 13. c4 Qxd2 14. Rxd2 Rfe8 15. g4 h6 16. g5 hxg5 17. Nxg5 Bd7 18. Be2 Bf5 19. Rg1 b6 20. h4 Rad8 21. h5 Ne4 22. Nxe4 Bxe4 23. h6 g6 24. Rg4 Bf5 25. Rg3 Kh7 26. Bf3 Rc8 27. b3 b5 28. cxb5 cxb5 29. Bg4 Bxg4 30. Rxg4 a6 31. a4 f5 32. Rb4 d5 33. Rbd4 bxa4 34. Rxa4 Rc6 35. Rxd5 Rd8 36. Rxd8 Bxd8 37. Rd4 Bf6 38. Rd7+ Kh8 39. c4 g5 40. Kc2 f4 41. Bd4 Bxd4 42. Rxd4 Kh7 43. b4 Kxh6 44. Kb3 Kh5 45. c5 Rc8 46. Rd6 a5 47. bxa5 Rxc5 48. Kb4 Rc1 49. a6 Rb1+ 50. Kc5 Kg4 51. a7 Ra1 52. Kb6 Kf3 53. Rg6 g4 54. Kb7 g3 55. fxg3 fxg3 56. Ra6 Rxa6 57. Kxa6 g2 58. a8=Q+ Kf2 59. Qf8+ Ke1 60. Qe7+ Kf1 61. Qf6+ Ke2 62. Qe5+ Kf1 63. Qf4+ Ke2 64. Qg4+ Kf2 65. Qf4+ Ke2 66. Qg3 Kf1 67. Qf3+ Kg1 68. Kb5 Kh1 69. Qh3+ Kg1 70. Kc4 Kf1 71. Kd3 Kf2 72. Qh4+ Kf3 73. Qh2 Kf2 74. Qf4+ Ke1 75. Qg3+ Kf1 76. Qf3+ Kg1 77. Ke2 Kh2 78. Qf4+ Kh1 79. Qh4+ Kg1 80. Kf3 Kf1 81. Qf2# 1-0


[Site "https://www.chess.com"]

[Event "Titled Tuesday Blitz May 31 Late 2022"]
[White "Matlakov, Maxim"]
[Black "Buchenau, Frank"]
[WhiteFideId "4168003"]
[BlackFideId "4604350"]
[WhiteElo "2669"]
[BlackElo "2157"]
[Result "1-0"]
[Round "03"]
[TimeControl "180+1"]
[Date "2022.05.31"]
[WhiteClock "0:00:22"]
[BlackClock "0:00:02"]

1. e4 e6 2. d4 d5 3. Nd2 c5 4. Ngf3 cxd4 5. Nxd4 Nc6 6. Bb5 Bd7 7. Nxc6 bxc6 8. Bd3 Bd6 9. Qe2 Ne7 10. Nf3 Ng6 11. O-O O-O 12. e5 Be7 13. Re1 c5 14. c3 a5 15. g3 Rb8 16. h4 f6 17. exf6 Bxf6 18. h5 Ne7 19. Ne5 Bxe5 20. Qxe5 Nc6 21. Qe2 e5 22. Bc2 e4 23. Rd1 Ne5 24. Rxd5 Nf3+ 25. Kh1 Qe7 26. Qxe4 Qxe4 27. Bxe4 Bc6 28. Bf4 Rxb2 29. Bxf3 Rxf2 30. Be4 Re2 31. Bf3 Rf2 32. Bg2 Rxg2 33. Kxg2 Bxd5+ 34. Kf2 Re8 35. a3 Bc4 36. Be3 Rf8+ 37. Kg2 Re8 38. Bxc5 Re2+ 39. Kf3 Rc2 40. Bd4 Bd5+ 41. Kf4 a4 42. Re1 Ra2 43. Re7 g6 44. h6 Rf2+ 45. Bxf2 1-0


[Site "https://www.chess.com"]

[Event "Titled Tuesday Blitz May 31 Late 2022"]
[White "Moral Garcia, Serafin"]
[Black "Hess, Robert"]
[WhiteFideId "2201925"]
[BlackFideId "2022036"]
[WhiteElo "2228"]
[BlackElo "2557"]
[Result "0-1"]
[Round "03"]
[TimeControl "180+1"]
[Date "2022.06.01"]
[WhiteClock "0:00:43"]
[BlackClock "0:01:18"]

1. e4 g6 2. d4 Bg7 3. Nc3 a6 4. Be3 d6 5. f3 b5 6. Qd2 Nd7 7. a4 b4 8. Nd1 a5 9. g4 e6 10. Nf2 h5 11. Bd3 hxg4 12. fxg4 c5 13. c3 Ne7 14. h4 bxc3 15. bxc3 cxd4 16. cxd4 Nc6 17. Nf3 Nb4 18. Bb5 Ba6 19. Nd3 Bxb5 20. axb5 Nxd3+ 21. Qxd3 a4 22. Ke2 Nf6 23. Bg5 Qb6 24. Bxf6 Bxf6 25. g5 Bg7 26. Rhc1 O-O 27. Rc6 Qb8 28. Ra3 Ra5 29. b6 d5 30. e5 Qb7 31. Qc3 Rfa8 32. Ne1 Bf8 33. Ra2 Rb5 34. Qc2 Rxb6 35. Rxb6 Qxb6 36. Rxa4 Qb5+ 0-1


[Site "https://www.chess.com"]

[Event "Titled Tuesday Blitz May 31 Late 2022"]
[White "Murzin, Volodar"]
[Black "Luo, Terry"]
[WhiteFideId "44155573"]
[BlackFideId "30931045"]
[WhiteElo "2585"]
[BlackElo "2024"]
[Result "1/2-1/2"]
[Round "03"]
[TimeControl "180+1"]
[Date "2022.05.31"]
[WhiteClock "0:00:09"]
[BlackClock "0:00:25"]

1. e4 c5 2. Nf3 d6 3. Bb5+ Bd7 4. Bxd7+ Nxd7 5. O-O Ngf6 6. Qe2 e6 7. c3 Be7 8. d4 O-O 9. Rd1 cxd4 10. cxd4 Rc8 11. Nc3 Nb6 12. a4 Nc4 13. Nd2 Nxd2 14. Bxd2 d5 15. e5 Nd7 16. Rdc1 Qb6 17. a5 Qb3 18. Qd1 Qxd1+ 19. Nxd1 a6 20. Ne3 Nb8 21. Rxc8 Rxc8 22. Bc3 Nc6 23. Nc2 f6 24. f4 Na7 25. exf6 gxf6 26. Re1 Kf7 27. Re3 Nb5 28. Kf2 Bd6 29. g3 h5 30. Ke2 h4 31. Kd3 hxg3 32. hxg3 Rh8 33. Bd2 Rh2 34. Ne1 Bc7 35. Nf3 Rh1 36. Re1 Rh3 37. Rg1 Nd6 38. Be1 Ne4 39. Ke2 Bd6 40. Rg2 Rh8 41. Rh2 Rxh2+ 42. Nxh2 Kg6 43. Nf1 Kf7 44. Ne3 Ke7 45. Kd3 Kd7 46. Kc2 Kc6 47. b4 Kb5 48. Kb3 f5 49. Nc2 Kc6 50. Ne3 Be7 51. Nf1 Bf6 52. Bc3 Kb5 53. Ne3 Nxg3 54. Nc2 Ne4 55. Be1 Be7 56. Ne3 Nd6 57. Nc2 Nc4 58. Bc3 Bd6 59. Ne1 Bxf4 60. Nd3 Bd6 61. Nf2 f4 62. Nd3 f3 63. Be1 e5 64. dxe5 Nxe5 65. Nf2 Nc4 66. Nd3 Ne3 67. Bf2 Nf5 68. Ne1 Bg3 69. Bxg3 Nxg3 70. Nxf3 Kc6 71. Nd4+ Kd6 72. Kc3 Ke5 73. b5 Ne4+ 74. Kd3 Nf2+ 75. Kc3 Nd1+ 76. Kd3 Nb2+ 77. Kc3 Na4+ 78. Kd3 Nc5+ 79. Kc3 Ne4+ 80. Kd3 Nd6 81. bxa6 bxa6 82. Nc6+ Ke6 83. Nb4 Nb7 84. Nxa6 Nxa5 85. Kd4 Nc6+ 86. Kc5 d4 87. Kxc6 d3 88. Nc5+ Ke5 89. Nxd3+ 1/2-1/2


[Site "https://www.chess.com"]

[Event "Titled Tuesday Blitz May 31 Late 2022"]
[White "Nakamura, Hikaru"]
[Black "Tristan, Leonardo"]
[WhiteFideId "2016192"]
[BlackFideId "113816"]
[WhiteElo "2850"]
[BlackElo "2404"]
[Result "1-0"]
[Round "03"]
[TimeControl "180+1"]
[Date "2022.05.31"]
[WhiteClock "0:01:59"]
[BlackClock "0:00:37"]

1. Nf3 d5 2. e3 Nf6 3. c4 e6 4. b3 c5 5. Bb2 Nc6 6. cxd5 exd5 7. Bb5 Bd6 8. O-O O-O 9. d4 cxd4 10. Nxd4 Bc7 11. Nd2 Nxd4 12. Bxd4 Qd6 13. g3 Bh3 14. Re1 Rfc8 15. a3 Bb6 16. Bxb6 Qxb6 17. Be2 Rc3 18. b4 Rac8 19. Nf3 Rxe3 20. fxe3 Qxe3+ 21. Kh1 Qf2 22. Bf1 Rc2 23. Bxh3 Ne4 24. Rxe4 1-0


[Site "https://www.chess.com"]

[Event "Titled Tuesday Blitz May 31 Late 2022"]
[White "Norowitz, Yaacov"]
[Black "Gomez Ledo, Roberto Carlos"]
[WhiteFideId "2024799"]
[BlackFideId "3507076"]
[WhiteElo "2412"]
[BlackElo "2379"]
[Result "1-0"]
[Round "03"]
[TimeControl "180+1"]
[Date "2022.05.31"]
[WhiteClock "0:01:43"]
[BlackClock "0:00:07"]

1. d4 Nf6 2. e3 d5 3. Bd3 Bg4 4. Ne2 e6 5. f3 Bh5 6. Nf4 Bg6 7. Nxg6 hxg6 8. Nd2 c5 9. c3 Nc6 10. f4 Qc7 11. Nf3 Bd6 12. O-O cxd4 13. cxd4 O-O-O 14. Bd2 Kb8 15. Rc1 Rh5 16. b4 Qb6 17. b5 Ne7 18. Qa4 Bc7 19. Ne5 Rdh8 20. h3 g5 21. fxg5 Bxe5 22. gxf6 Bxf6 23. Ba5 Qd6 24. Bc7+ Qxc7 25. Rxc7 Kxc7 26. Qxa7 Nc8 27. Rc1+ Kd8 28. Qxb7 Nd6 29. Qc7+ 1-0


[Site "https://www.chess.com"]

[Event "Titled Tuesday Blitz May 31 Late 2022"]
[White "Oparin, Grigoriy"]
[Black "Kosteniuk, Alexandra"]
[WhiteFideId "24125890"]
[BlackFideId "4128125"]
[WhiteElo "2665"]
[BlackElo "2469"]
[Result "1-0"]
[Round "03"]
[TimeControl "180+1"]
[Date "2022.05.31"]
[WhiteClock "0:01:44"]
[BlackClock "0:01:07"]

1. g3 d5 2. Nf3 Nf6 3. Bg2 b6 4. O-O Bb7 5. d4 g6 6. c4 Bg7 7. cxd5 Bxd5 8. Nc3 Bb7 9. Re1 O-O 10. e4 c5 11. d5 Na6 12. Bf4 h6 13. Qe2 g5 14. Be5 Nb4 15. Rad1 Ba6 16. Nb5 Qd7 17. a4 Rac8 18. Bc3 Rfd8 19. Ne5 Qe8 20. Bxb4 cxb4 21. Nc6 Rd7 22. e5 Nxd5 23. e6 Rd6 24. Nxd6 Bxe2 25. Nxe8 Bxd1 26. Bxd5 1-0


[Site "https://www.chess.com"]

[Event "Titled Tuesday Blitz May 31 Late 2022"]
[White "Papp, Petra"]
[Black "Hasangatin, Ramil"]
[WhiteFideId "739049"]
[BlackFideId "4122160"]
[WhiteElo "2259"]
[BlackElo "2399"]
[Result "0-1"]
[Round "03"]
[TimeControl "180+1"]
[Date "2022.06.01"]
[WhiteClock "0:00:09"]
[BlackClock "0:00:39"]

1. e4 d5 2. exd5 Qxd5 3. Nc3 Qd6 4. d4 Nf6 5. Nf3 c6 6. h3 g6 7. Ne5 Bg7 8. Nc4 Qd8 9. Bg5 O-O 10. Qd2 Be6 11. Ne5 Nbd7 12. O-O-O Nxe5 13. dxe5 Nd5 14. f4 f6 15. exf6 exf6 16. Bh4 Qa5 17. Kb1 Nxc3+ 18. Qxc3 Qxa2+ 19. Kc1 f5 20. Qa3 Qxa3 21. bxa3 Bd5 22. Rg1 Bh6 23. g3 Rfe8 24. Bg2 Be6 25. Rge1 Bf8 26. Kb2 Kf7 27. Bf3 Be7 28. Bxe7 Rxe7 29. g4 Rae8 30. g5 Rd7 31. h4 Rxd1 32. Rxd1 Ke7 33. h5 Rd8 34. Rxd8 Kxd8 35. Kc3 Ke7 36. Kd3 Kd6 37. h6 Bd5 38. Be2 Be4+ 39. Ke3 Bxc2 40. Bc4 Ke7 41. Kd4 Be4 42. Ke5 Bd5 43. Bxd5 cxd5 44. Kxd5 Kd7 45. Ke5 b5 46. Kf6 a5 47. Kg7 Ke7 48. Kxh7 Kf7 49. Kh8 a4 50. h7 b4 51. axb4 a3 52. b5 a2 53. b6 a1=Q# 0-1


[Site "https://www.chess.com"]

[Event "Titled Tuesday Blitz May 31 Late 2022"]
[White "Paravyan, David"]
[Black "Tregubov, Pavel V."]
[WhiteFideId "4194985"]
[BlackFideId "4115341"]
[WhiteElo "2569"]
[BlackElo "2341"]
[Result "1-0"]
[Round "03"]
[TimeControl "180+1"]
[Date "2022.05.31"]
[WhiteClock "0:00:24"]
[BlackClock "0:00:02"]

1. e4 e5 2. Nf3 Nf6 3. Nc3 Nc6 4. d4 exd4 5. Nxd4 Bb4 6. Nxc6 bxc6 7. Bd3 d5 8. exd5 cxd5 9. O-O O-O 10. Bg5 c6 11. Qf3 h6 12. Bxf6 Qxf6 13. Qxf6 gxf6 14. Ne2 Bd6 15. b3 c5 16. Rad1 Be6 17. Ng3 Rfd8 18. Nf5 Bxf5 19. Bxf5 Be5 20. Rd3 c4 21. Rh3 Kg7 22. Rh4 a5 23. bxc4 Rab8 24. cxd5 Rxd5 25. Bd3 Rb4 26. Rxb4 axb4 27. Rb1 Bc3 28. Kf1 f5 29. Ke2 Kf6 30. f4 Ra5 31. Bc4 Ra7 32. Rd1 Re7+ 33. Kf3 Re4 34. Bb3 Rd4 35. Rf1 Rd2 36. h3 h5 37. g4 fxg4+ 38. hxg4 hxg4+ 39. Kxg4 Rg2+ 40. Kf3 Rd2 41. Rh1 Rd4 42. Rh7 Rd7 43. Bc4 Bd2 44. Bb3 Bc1 45. Rh6+ Kg7 46. Rb6 Bd2 47. Ke4 Re7+ 48. Kf5 Rc7 49. Rb5 Re7 50. Rd5 Bc3 51. Rd6 Rc7 52. Kg5 Rc5+ 53. Kg4 Rc7 54. f5 Bf6 55. Rb6 Bc3 56. Kg5 Ra7 57. f6+ Kh7 58. Rb5 Rc7 59. Bd5 Rd7 60. Be4+ 1-0


[Site "https://www.chess.com"]

[Event "Titled Tuesday Blitz May 31 Late 2022"]
[White "Pershin, Denis"]
[Black "Djabri,Massinas"]
[WhiteFideId "24165506"]
[BlackFideId "7905726"]
[WhiteElo "2275"]
[BlackElo "1941"]
[Result "1-0"]
[Round "03"]
[TimeControl "180+1"]
[Date "2022.05.31"]
[WhiteClock "0:00:15"]
[BlackClock "0:00:04"]

1. d4 d5 2. Nc3 e6 3. Bf4 Nf6 4. Nb5 Na6 5. e3 Be7 6. Nf3 O-O 7. Be2 c6 8. Nc3 Nc7 9. O-O c5 10. Ne5 Nd7 11. dxc5 Nxe5 12. Bxe5 Bxc5 13. Bd3 Bd6 14. Bg3 Bxg3 15. hxg3 e5 16. Qh5 f5 17. Rad1 Be6 18. e4 g6 19. Qh6 fxe4 20. Bxe4 d4 21. Bxg6 hxg6 22. Qxg6+ Kh8 23. Qh5+ Kg8 24. Qxe5 Qf6 25. Qxc7 dxc3 26. bxc3 Rac8 27. Qxb7 Rxc3 28. Qxa7 Rxc2 29. a4 Bc4 30. Rc1 Bxf1 31. Rxc2 Qa1 32. Qc5 Ba6+ 33. Rc1 Qf6 34. a5 Kg7 35. Qb6 Qxb6 36. axb6 Rb8 37. Rc6 Bb7 38. Rd6 Kf7 39. g4 Ke7 40. Rh6 Kd7 41. f4 Bc6 42. Rh7+ Kd6 43. Rh6+ Kd5 44. Kh2 Rxb6 45. Kg3 Rb3+ 46. Kh4 Kc5 47. Re6 Bxg2 48. f5 Kd5 49. Re2 Be4 50. Kg5 Ke5 51. Ra2 Rb5 52. Kg6 Bf3 53. Ra4 Rb6+ 54. Kg5 Be4 55. Ra5+ Bd5 56. Kh5 Rd6 57. g5 Kxf5 58. g6 1-0


[Site "https://www.chess.com"]

[Event "Titled Tuesday Blitz May 31 Late 2022"]
[White "Pesotskiy, Mikhail"]
[Black "Flynn, Jacob"]
[WhiteFideId "34164453"]
[BlackFideId "2509393"]
[WhiteElo "2010"]
[BlackElo "1896"]
[Result "0-1"]
[Round "03"]
[TimeControl "180+1"]
[Date "2022.06.01"]
[WhiteClock "0:00:09"]
[BlackClock "0:00:06"]

1. d4 Nf6 2. f4 d5 3. Nf3 c5 4. e3 Nc6 5. c3 Bf5 6. Bd3 Bxd3 7. Qxd3 e6 8. O-O Be7 9. Bd2 O-O 10. Be1 Ne4 11. Nbd2 Nxd2 12. Bxd2 Rb8 13. Ne5 Qc7 14. Be1 b5 15. Rc1 f6 16. Nxc6 Qxc6 17. a3 c4 18. Qe2 a5 19. Ra1 Bd6 20. Qc2 Ra8 21. Bd2 Qd7 22. Ra2 Qf7 23. e4 f5 24. e5 Be7 25. b4 cxb3 26. Qxb3 Rab8 27. a4 b4 28. cxb4 Bxb4 29. Qd3 Qa7 30. Be3 Rfc8 31. Rb1 Rc3 32. Qe2 Rbc8 33. h3 h6 34. Kh1 R3c4 35. Rab2 Qd7 36. Qd1 Qc6 37. Qd3 Rc3 38. Qe2 Qxa4 39. Ra2 Qc6 40. Kh2 Rc2 41. Rxc2 Qxc2 42. Qa6 Qc6 43. Qa7 Rc7 44. Qb8+ Kh7 45. Qd8 Qc2 46. Bg1 Qc6 47. Rf1 Qd7 48. Qa8 Ra7 49. Qb8 Rb7 50. Qa8 Ra7 51. Qb8 Be7 52. Qa8 Rxa8 53. Rf3 a4 54. Rg3 a3 55. Rxa3 Rxa3 56. h4 Qa4 57. h5 Qc4 58. g4 Qe2+ 59. Bf2 Qxf2+ 60. Kh1 Ra1# 0-1


[Site "https://www.chess.com"]

[Event "Titled Tuesday Blitz May 31 Late 2022"]
[White "Piesik, Piotr"]
[Black "Mikhalsky, Vladimir"]
[WhiteFideId "1136194"]
[BlackFideId "14144352"]
[WhiteElo "2190"]
[BlackElo "2301"]
[Result "1-0"]
[Round "03"]
[TimeControl "180+1"]
[Date "2022.06.01"]
[WhiteClock "0:00:55"]
[BlackClock "0:00:06"]

1. Nf3 c5 2. g3 d5 3. Bg2 f6 4. O-O e5 5. d3 Nc6 6. Nbd2 Be6 7. e4 d4 8. Nh4 Qd7 9. f4 O-O-O 10. Nf5 g6 11. Nh4 Bg4 12. Bf3 Bh3 13. Ng2 Bh6 14. Nc4 Re8 15. fxe5 fxe5 16. Rf2 Bxc1 17. Qxc1 Nf6 18. Qg5 Rhf8 19. Raf1 Ng8 20. Bg4 Bxg4 21. Rxf8 Rd8 22. Nxe5 Nxe5 23. Qxe5 b6 24. Rxd8+ Qxd8 25. Nf4 Ne7 26. Ne6 Nc6 27. Nxd8 Nxe5 28. Nf7 Nf3+ 29. Kg2 Nd2 30. Rf2 Nb1 31. Ne5 Be6 32. Nf3 Bxa2 33. Rf1 a5 34. b3 b5 35. Ne5 a4 36. bxa4 bxa4 37. Nc4 Bxc4 38. Rxb1 Be6 39. Rb5 a3 40. Rxc5+ Kb7 41. Ra5 a2 42. Kf3 Kb6 43. Ra3 Kb5 44. Kf4 Kb4 45. Ra7 Kc3 46. Ke5 Bg8 47. Kf6 Kxc2 48. e5 Kb2 49. e6 Bxe6 50. Kxe6 a1=Q 51. Rxa1 Kxa1 52. Kd5 Kb2 53. Kxd4 1-0


[Site "https://www.chess.com"]

[Event "Titled Tuesday Blitz May 31 Late 2022"]
[White "Pinheiro, Iung Alicio de O."]
[Black "Fier, Alexandr"]
[WhiteFideId "2104350"]
[BlackFideId "2107139"]
[WhiteElo "2283"]
[BlackElo "2571"]
[Result "0-1"]
[Round "03"]
[TimeControl "180+1"]
[Date "2022.06.01"]
[WhiteClock "0:00:05"]
[BlackClock "0:01:16"]

1. c4 c6 2. g3 d5 3. Nf3 Nf6 4. Bg2 dxc4 5. Na3 b5 6. b3 cxb3 7. Qxb3 a6 8. Ne5 Be6 9. Qc2 Bd5 10. e4 Be6 11. Nxc6 Nxc6 12. Qxc6+ Bd7 13. Qc2 e5 14. Bb2 Bd6 15. O-O O-O 16. Rad1 Qe7 17. Qd3 Rfd8 18. Nc2 Be6 19. Qe2 Bxa2 20. Ne3 Be6 21. d4 exd4 22. Bxd4 Bc5 23. Ba1 Nd7 24. Qf3 Rac8 25. Nf5 Bxf5 26. exf5 Nf6 27. g4 Rxd1 28. Rxd1 Rd8 29. Rf1 Bd4 30. g5 Ne8 31. f6 gxf6 32. gxf6 Nxf6 33. Bxd4 Rxd4 34. Qa8+ Kg7 35. Qxa6 b4 36. Qb6 Qd6 37. Qb7 Rg4 38. h3 Rg6 39. Rb1 Qd5 40. Qxd5 Nxd5 41. Kf1 Nf4 42. Be4 Rb6 43. h4 h6 44. f3 Kf6 45. Kf2 Ke5 46. Ke3 f5 47. Bc2 Nd5+ 48. Kd2 f4 49. Re1+ Ne3 50. Bb3 Kd4 51. Rc1 Rg6 52. Rc8 Rg2+ 53. Ke1 Nf5 54. Rc4+ Ke5 55. Re4+ Kd6 56. Rxf4 Ke5 57. Rxb4 Rh2 58. Re4+ Kf6 59. Rf4 Ke5 60. Re4+ Kd6 61. Re6+ Kd7 62. Rf6 Nd4 63. Bd5 Rxh4 64. Be4 Rh2 65. Kf1 Ne2 66. Ra6 h5 67. Rh6 h4 68. Ke1 Nf4 69. Kf1 h3 70. Bf5+ Ke7 71. Bxh3 Nxh3 72. Ke1 Kf7 73. Rh4 Kg6 74. Rh8 Kg5 75. Rg8+ Kf4 76. Rh8 Kxf3 77. Kd1 Kg3 78. Kc1 Rf2 79. Rg8+ Kf3 80. Rf8+ Nf4 81. Re8 Rh2 82. Rf8 Ke3 83. Kb1 Nd5 84. Re8+ Kd4 85. Rd8 Kc4 86. Ka1 Nb4 0-1


[Site "https://www.chess.com"]